 Dungeon Crawl Stone Soup version 0.22.0 (webtiles) character file.

240710 Htamos the Peltast (level 20, -15/189 HPs)
             Began as a Formicid Fighter on Aug 11, 2018.
             Was the Champion of Makhleb.
             Demolished by a fire giant
             ... wielding a +1 great sword of flaming
              (27 damage)
             ... on level 3 of the Vaults.
             The game lasted 01:29:39 (37388 turns).

Htamos the Peltast (Formicid Fighter)              Turns: 37388, Time: 01:29:40

Health: -15/189    AC: 31    Str: 28 (29) XL:     20   Next: 59%
Magic:  32/32      EV: 13    Int:  9      God:    Makhleb [******]
Gold:   1275       SH: 24    Dex: 17 (18) Spells: 19/19 levels left

rFire    + . .     SeeInvis +   D - +3 executioner's axe (chop)
rCold    . . .     Gourm    +   c - +1 large shield
rNeg     . . .     Faith    .   r - +4 plate armour
rPois    +         Spirit   .   (helmet unavailable)
rElec    +         Reflect  .   H - +2 cloak {+Inv}
rCorr    .         Harm     .   t - +1 pair of gloves
MR       ++...                  w - +0 pair of boots
Stlth    ..........             u - amulet "Ighul" {Gourm rElec Int-5 Slay+6 SInv}
HPRegen  0.41/turn              U - ring of protection from fire
MPRegen  0.23/turn              V - ring "Qegiena" {rPois Int+7 Dex+3 Stlth-}

@: agile, marked
A: permanent stasis, dig shafts and tunnels, four strong arms, antennae 3,
rugged brown scales 1, blurry vision 1, deterioration 1, dopey 1, robust 1,
MP-powered wands
}: 1/15 runes: gossamer
a: Dig, Shaft Self, Minor Destruction, Lesser Servant of Makhleb, Major
Destruction, Greater Servant of Makhleb, Renounce Religion, Evoke Invisibility


You were on level 3 of the Vaults.
You worshipped Makhleb.
Makhleb was exalted by your worship.
You were completely stuffed.

You visited 6 branches of the dungeon, and saw 31 of its levels.
You visited the Abyss 1 time.
You also visited: Ossuary, Bailey and Volcano.

You collected 3716 gold pieces.
You spent 2441 gold pieces at shops.

Inventory:

Hand Weapons
 a - a +2 war axe
 g - a -3 dagger
 l - a +3 battleaxe of electrocution
 x - a -1 dagger
 z - a +0 rapier of venom
 A - a +0 hand axe of chopping
 D - a +3 executioner's axe of chopping (weapon)
 L - a +4 hand axe
 X - a +9 battleaxe of flaming
Missiles
 o - a throwing net (quivered)
Armour
 c - a +1 large shield (worn)
 r - a +4 plate armour (worn)
 t - a +1 pair of gloves (worn)
 w - a +0 pair of boots (worn)
 H - a +2 cloak of invisibility (worn)
Jewellery
 k - an uncursed ring of protection from fire
 u - the amulet "Ighul" (around neck) {Gourm rElec Int-5 Slay+6 SInv}
   (You bought it in a shop on level 11 of the Dungeon)

   [amulet of the gourmand]

   It allows you to eat raw meat even when not hungry.
   It affects your intelligence (-5).
   It affects your accuracy and damage with ranged weapons and melee attacks
   (+6).
   It insulates you from electricity.
   It lets you see invisible.
 y - an uncursed ring of protection from cold
 T - the amulet "Pydghufaa" {Harm *Drain rC+}
   (You found it on level 1 of the Vaults)

   [amulet of harm]

   It increases damage dealt and taken.
   It protects you from cold.
   It causes draining when unequipped.
 U - a ring of protection from fire (left hand)
 V - the ring "Qegiena" (right hand) {rPois Int+7 Dex+3 Stlth-}
   (You bought it in a shop on level 6 of the Dungeon)

   [ring of attention]

   It affects your intelligence (+7).
   It affects your dexterity (+3).
   It protects you from poison.
   It makes you less stealthy.
 W - an uncursed amulet of rage {unknown}
Wands
 q - a wand of digging (30)
 s - a wand of flame (32)
 C - a wand of enslavement (31)
 F - a wand of iceblast (14)
 J - a wand of random effects (28)
 M - a wand of paralysis (60)
 N - a wand of scattershot (2)
 O - a wand of clouds (4)
 R - a wand of polymorph (20)
Scrolls
 e - 11 scrolls of identify
 h - 7 scrolls of remove curse
 i - 5 scrolls of amnesia
 G - 3 scrolls of summoning
 P - 2 scrolls of magic mapping
 Y - 3 scrolls of fear
Potions
 j - 7 potions of ambrosia
 m - 7 potions of flight
 n - a potion of berserk rage
 p - 3 potions of magic
 v - a potion of resistance
 B - 9 potions of brilliance
 E - 4 potions of cancellation
 I - 3 potions of lignification
 K - 3 potions of degeneration
 S - a potion of might
 Z - a potion of curing
Comestibles
 f - 49 rations


   Skills:
 + Level 17.1 Fighting
 + Level 15.7 Axes
 + Level 17.1 Armour
 + Level 18.4 Shields
 + Level 16.3 Invocations
 - Level 6.0 Evocations


You had 19 spell levels left.
You didn't know any spells.
Your spell library contained the following spells:

 Spells                   Type           Power        Failure   Level  Hunger
 Cause Fear               Hex            #.........   100%        4    #####..
 Fireball                 Conj/Fire      #.........   100%        5    ######.
 Conjure Flame            Conj/Fire      #.......     100%        3    ####...
 Bolt of Magma            Conj/Fire/Erth #.........   100%        5    ######.
 Confuse                  Hex            #.......     100%        3    ####...
 Throw Flame              Conj/Fire      #.....       97%         2    ###....
 Summon Small Mammal      Summ           #...         91%         1    ##.....
 Animate Dead             Necr           N/A          100%        4    #####..
 Pain                     Necr           #...         91%         1    ##.....
 Animate Skeleton         Necr           N/A          91%         1    ##.....
 Vampiric Draining        Necr           #.........   100%        3    ####...
 Sticky Flame             Conj/Fire      #.......     100%        4    #####..
 Summon Ice Beast         Ice/Summ       #.......     100%        4    #####..
 Call Imp                 Summ           #.......     97%         2    ###....
 Regeneration             Chrm/Necr      #.........   100%        3    ####...
 Sublimation of Blood     Necr           #.........   97%         2    ###....
 Tukima's Dance           Hex            #.......     100%        3    ####...
 Iron Shot                Conj/Erth      #.........   100%        6    #######
 Shock                    Conj/Air       #...         91%         1    ##.....
 Swiftness                Chrm/Air       #.......     97%         2    ###....
 Statue Form              Tmut/Erth      #........    100%        6    #######
 Deflect Missiles         Chrm/Air       #.........   100%        6    #######
 Airstrike                Air            #.........   100%        4    #####..
 Confusing Touch          Hex            #.....       91%         1    ##.....
 Flame Tongue             Conj/Fire      #....        91%         1    ##.....
 Ignite Poison            Fire/Tmut/Pois #.......     100%        3    ####...
 Call Canine Familiar     Summ           #.......     100%        3    ####...
 Ensorcelled Hibernation  Hex/Ice        #.....       97%         2    ###....
 Metabolic Englaciation   Hex/Ice        #.........   100%        5    ######.
 Silence                  Hex/Air        #.........   100%        5    ######.
 Shatter                  Erth           #.........   100%        9    #######
 Corona                   Hex            #......      91%         1    ##.....
 Alistair's Intoxication  Tmut/Pois      #.......     100%        5    ######.
 Petrify                  Tmut/Erth      #.......     100%        4    #####..
 Leda's Liquefaction      Hex/Erth       #.........   100%        4    #####..
 Inner Flame              Hex/Fire       #.......     100%        3    ####...
 Dazzling Spray           Conj/Hex       #.....       100%        3    ####...
 Discord                  Hex            #.........   100%        8    #######
 Summon Lightning Spire   Summ/Air       #.......     100%        4    #####..
 Summon Guardian Golem    Hex/Summ       #.......     100%        3    ####...
 Irradiate                Conj/Tmut      #.........   100%        5    ######.
 Gell's Gravitas          Tloc           #.........   100%        3    ####...
 Yara's Violent Unravell  Hex/Tmut       #.........   100%        5    ######.


Dungeon Overview and Level Annotations

Branches:
Dungeon (15/15)            Temple (1/1) D:6            Lair (6/6) D:11
 Shoals (0/4) Lair:4       Spider (4/4) Lair:3        Slime (0/5) Lair:5
    Orc (2/2) D:10            Elf (0/3) Orc:2        Vaults (3/5) D:14
  Crypt (0/3) Vaults:2     Depths (0/5) D:15

Altars:
Ashenzari
Cheibriados
Dithmenos
Elyvilon
Fedhas
Gozag
Hepliaklqana
Kikubaaqudgha
Makhleb
Nemelex Xobeh
Okawaru
Ru
Trog
Uskayaw
Vehumet
Wu Jian
Xom
Yredelemnul
Zin
The Shining One
Beogh
Jiyva

Shops:
D:6 =   D:11 =   D:13 *[   D:14 !   Orc:2 !?:[

Portals:
Trove: D:11 (give horn of Geryon)

Annotations:
Lair:5 1 runed door, exclusion: downstairs


Innate Abilities, Weirdness & Mutations

You cannot be hasted, slowed, berserked, paralysed or teleported.
You can dig through walls and to a lower floor.
Your four strong arms can wield two-handed weapons with a shield.
You have a pair of large antennae on your head. (SInv)
You are partially covered in rugged brown scales. (AC +1, +3% HP)
Scrolls take you a little longer to read.
Your body sometimes deteriorates upon taking damage.
You are dopey. (Int -2)
You are robust. (+10% HP)
You expend magic power (3 MP) to strengthen your wands.


Message History

The fire giant casts a spell at you. The bolt of fire misses you.
Unknown command.
You feel better. You block the sphinx's attack. x2
The sphinx hits you but does no damage.
The ogre mage hits you but does no damage.
You block the fire giant's attack. The fire giant casts a spell at you.
The bolt of fire hits you! You resist.
* * * LOW HITPOINT WARNING * * *
Unknown command.
Unknown command.
Are you sure you want to shaft yourself?
You feel quite a bit less full. You block the ogre mage's attack.
The sphinx completely misses you. The sphinx hits you but does no damage.
You block the sphinx's attack.
The ironbrand convoker gestures at the ogre mage while chanting.
The ogre mage seems to grow stronger.
The fire giant hits you with a great sword of flaming!!
You die...

..........##..#'#..##
..........##.......#
..........###..รท..##
........).# #.....#
..........# ##.<.##
########'## #...#
##p#(## #...#
##HDO..## #####
#@CCOo..# ##Cpco.##
#OOpO...# ##cOO..##
##O#.## #O#'# {{pO...
{ ....... .........


You could see an ironheart preserver, 2 fire giants, a fire dragon, a sphinx, a
stone giant, 2 yaktaur captains, a vault guard, 3 two-headed ogres, an ogre
mage, an ironbrand convoker, an orc warrior, 5 ogres and an orc.

Vanquished Creatures
  Xtahua (Vaults:2)
  Arachne (Spider:3)
  Rupert (Lair:4)
  Jorgrun (Spider:3)
  2 tentacled starspawn (Abyss:2)
  Gastronok (Orc:1)
  Kirke (Spider:4)
  A revenant (Vaults:2)
  4 ghost moths
  3 emperor scorpions (Spider:4)
  2 deep elf sorcerers (Vaults:2)
  Louise (Spider:3)
  4 vault wardens
  2 entropy weavers (Spider:3)
  2 stone giants (Vaults:1)
  4 very ugly things
  4 ironheart preservers
  Azrael (Orc:2)
  3 spark wasps (Spider:4)
  A deep elf annihilator (Vaults:2)
  Josephine (Orc:2)
  2 ettins
  A jiangshi (Vaults:2)
  2 fire dragons
  4 vault guards
  4 yaktaur captains
  2 ice dragons
  Harold (D:7)
  Erolcha (Orc:2)
  2 rakshasas
  9 hydras
  8 centaur warriors
  30 two-headed ogres
  9 death yaks
  10 ogre magi
  3 tengu warriors
  A vampire mage (Vaults:2)
  A deep troll earth mage (Vaults:1)
  2 deep troll shamans (Vaults:1)
  3 thrashing horrors (Abyss:2)
  A deep elf knight (Vaults:2)
  Nergalle (Lair:4)
  2 spatial maelstroms (Abyss:2)
  A wretched star (Abyss:2)
  2 deep trolls (Vaults:1)
  3 unseen horrors
  2 phantasmal warriors
  A deep elf archer (Vaults:3)
  A flayed ghost (Vaults:2)
  7 ironbrand convokers
  2 wolf spider zombies
  Pikel (D:6)
  A lindwurm (Lair:6)
  20 orb spiders
  16 ugly things
  7 orc knights
  12 deep elf magi
  10 orc sorcerers
  5 cyclopes
  Maurice (D:10)
  32 wolf spiders
  A centaur zombie (D:15)
  4 manticores
  A fire giant skeleton (Abyss:2)
  A smoke demon (Abyss:2)
  4 vault sentinels
  3 molten gargoyles (Lair:6)
  A moth of wrath (Spider:4)
  Psyche (D:12)
  7 black mambas
  13 spiny frogs
  An efreet (Volcano)
  4 gargoyles
  3 kobold demonologists (D:11)
  11 komodo dragons
  A rime drake (Lair:4)
  20 yaktaurs
  6 freezing wraiths
  15 demonic crawlers
  A tengu conjurer (D:15)
  7 trolls
  A guardian mummy (D:11)
  35 jumping spiders
  3 ancient zymes
  A queen bee (D:13)
  17 hornets
  Grinder (D:3)
  A hornet (shapeshifter) (Vaults:2)
  19 slime creatures
  14 blink frogs
  2 raiju (Abyss:2)
  17 hippogriffs
  7 dream sheep (Lair:2)
  59 redbacks
  3 shadows
  A tarantella (shapeshifter) (D:13)
  33 tarantellas
  7 wraiths
  17 yaks
  A vampire (D:12)
  A yak (shapeshifter) (Vaults:3)
  2 ynoxinuls (Abyss:2)
  Eustachio (D:6)
  3 wyverns (Lair:6)
  A basilisk (shapeshifter) (Vaults:1)
  2 hogs (Spider:4)
  4 fire elementals
  5 basilisks
  A neqoxec (Abyss:2)
  4 steam dragons
  2 vampire mosquitoes (D:12)
  2 hungry ghosts
  8 spatial vortices (Abyss:2)
  3 wargs
  A large abomination (Abyss:2)
  2 soldier ants
  3 acid dragons
  8 hell hounds
  9 porcupines
  14 water moccasins
  3 sky beasts
  3 small abominations (Abyss:2)
  33 orc warriors
  9 ice beasts
  4 black bears
  3 eyes of draining
  12 wolves
  32 ogres
  4 phantoms
  12 crocodiles
  14 centaurs
  2 big kobolds
  20 bullfrogs
  17 killer bees
  4 scorpions
  2 howler monkeys (D:11)
  4 wights (D:8)
  4 electric eels
  4 crimson imps
  7 starcursed masses (Abyss:2)
  4 lava snakes (Lair:6)
  5 hounds
  2 jellies
  12 orc priests
  A bullfrog skeleton (D:9)
  6 centaur skeletons
  10 iguanas
  46 orc wizards
  14 worker ants
  A big kobold zombie (Ossuary)
  A hound skeleton (D:6)
  A worker ant zombie (D:6)
  8 mummies (Ossuary)
  Robin (D:2)
  11 adders
  3 gnolls (D:10)
  2 oozes (D:2)
  5 worms
  An adder skeleton (D:7)
  A dart slug (D:1)
  5 leopard geckos
  111 orcs
  3 ball pythons
  4 giant cockroaches
  18 goblins
  9 hobgoblins
  19 jackals
  16 kobolds
  2 quokkas
  8 bats
  6 frilled lizards
  3 hobgoblin zombies (Ossuary)
  2 kobold zombies (Ossuary)
  A leopard gecko skeleton (D:5)
  2 orc zombies (Ossuary)
  A quokka skeleton (D:9)
  8 rats
  3 fungi
  6 plants (Lair:4)
  2 starspawn tentacles (Abyss:2)
1241 creatures vanquished.

Vanquished Creatures (others)
  A fire giant (Vaults:3)
  2 emperor scorpions (Spider:4)
  An orb spider (Spider:4)
  3 hornets (Spider:4)
  A redback (Spider:4)
  A lava snake (Lair:6)
  8 fungi
  2 plants
  A starspawn tentacle (Abyss:2)
20 creatures vanquished.

Grand Total: 1261 creatures vanquished

Notes
Turn   | Place    | Note
-------+----------+-------------------------------------------
     0 | D:1      | Htamos the Formicid Fighter began the quest for the Orb.
     0 | D:1      | Reached XP level 1. HP: 18/18 MP: 1/1
   144 | D:1      | Reached XP level 2. HP: 24/24 MP: 2/2
   342 | D:1      | Reached skill level 4 in Shields
   342 | D:1      | Reached XP level 3. HP: 23/29 MP: 3/3
   849 | D:2      | Noticed Robin
   884 | D:1      | Reached XP level 4. HP: 34/37 MP: 4/4
   939 | D:2      | Killed Robin
  1193 | D:2      | Reached XP level 5. HP: 42/42 MP: 5/5
  1242 | D:2      | Found an ancient bone altar of Kikubaaqudgha.
  1553 | D:2      | Found a glowing golden altar of the Shining One.
  2544 | D:3      | Found an iron altar of Okawaru.
  2596 | D:3      | Noticed Grinder
  2609 | D:3      | Killed Grinder
  2609 | D:3      | Reached skill level 5 in Shields
  2609 | D:3      | Reached XP level 6. HP: 25/50 MP: 6/6
  2609 | D:3      | Reached XP level 7. HP: 27/55 MP: 7/7
  2933 | D:4      | Reached skill level 5 in Fighting
  2963 | D:4      | Reached skill level 5 in Armour
  3140 | D:4      | Found a snail-covered altar of Cheibriados.
  3423 | D:4      | Found a blossoming altar of Fedhas.
  3450 | D:4      | Reached skill level 6 in Shields
  3661 | D:4      | Reached XP level 8. HP: 46/64 MP: 8/8
  3848 | D:5      | Entered Level 5 of the Dungeon
  4072 | D:5      | You fall through a shaft for 2 floors!
  4307 | D:7      | Noticed a hippogriff
  4345 | D:6      | Reached skill level 5 in Axes
  4418 | D:6      | Found a sand-covered staircase.
  4425 | Ossuary  | Entered an ossuary
  4535 | Ossuary  | Reached skill level 7 in Shields
  4936 | D:6      | Noticed Pikel
  4952 | D:6      | Killed Pikel
  4952 | D:6      | Reached XP level 9. HP: 72/72 MP: 9/9
  4993 | D:6      | Found Alossof's Jewellery Emporium.
  5311 | D:6      | Noticed Eustachio
  5324 | D:6      | Killed Eustachio
  5398 | D:6      | Reached skill level 8 in Shields
  5537 | D:6      | Found a staircase to the Ecumenical Temple.
  5560 | Temple   | Entered the Ecumenical Temple
  5939 | D:7      | Noticed a two-headed ogre
  5989 | D:5      | Killed a two-headed ogre
  5989 | D:5      | Reached XP level 10. HP: 72/80 MP: 10/10
  6464 | D:7      | Reached skill level 9 in Shields
  8219 | D:8      | Noticed Harold
  8390 | D:7      | Killed Harold
  8548 | D:8      | Reached skill level 10 in Shields
  8968 | D:8      | Reached XP level 11. HP: 87/89 MP: 11/11
  9294 | D:8      | Found a burning altar of Makhleb.
  9315 | D:8      | Became a worshipper of Makhleb the Destroyer
  9442 | D:8      | Reached skill level 1 in Invocations
 10159 | D:9      | Noticed a red ugly thing
 10160 | D:9      | Noticed a green ugly thing
 10364 | D:9      | Noticed a centaur warrior
 10376 | D:9      | Killed a centaur warrior
 10377 | D:9      | Killed a green ugly thing
 10386 | D:9      | You fall through a shaft for 3 floors!
 10836 | D:12     | Identified the Papyrus of Poison and the Birds
 10905 | D:12     | Reached * piety under Makhleb
 11256 | D:12     | Reached skill level 10 in Fighting
 11267 | D:12     | Reached skill level 10 in Armour
 11297 | D:12     | Noticed Psyche
 11309 | D:12     | Killed Psyche
 11309 | D:12     | Reached skill level 11 in Shields
 11812 | D:12     | Noticed a manticore
 11830 | D:12     | Killed a manticore
 12245 | D:12     | Reached XP level 12. HP: 95/97 MP: 15/15
 12391 | D:11     | Reached skill level 5 in Invocations
 12401 | D:11     | Reached ** piety under Makhleb
 12595 | D:11     | Found a staircase to the Lair.
 12611 | D:11     | Noticed a five-headed hydra
 12614 | D:11     | You fall through a shaft for 2 floors!
 13391 | D:13     | Noticed a centaur warrior
 13397 | D:13     | Noticed a centaur warrior
 13411 | D:13     | Killed a centaur warrior
 13429 | D:13     | Killed a centaur warrior
 13671 | D:11     | Killed a 13-headed hydra
 13779 | D:11     | Found Ceoxuto's Jewellery Shop.
 13934 | D:10     | Entered Level 10 of the Dungeon
 13973 | D:10     | Found a flagged portal.
 13991 | Bailey   | Entered a bailey
 14076 | D:10     | Noticed a two-headed ogre
 14095 | D:10     | Killed a two-headed ogre
 14249 | D:10     | Found a staircase to the Orcish Mines.
 14278 | D:10     | Reached *** piety under Makhleb
 14546 | D:10     | Noticed Maurice
 14555 | D:10     | Killed Maurice
 14555 | D:10     | Reached skill level 12 in Shields
 14863 | D:10     | Reached skill level 10 in Axes
 15029 | D:6      | Bought the ring "Qegiena" {rPois Int+7 Dex+3 Stlth-} for 595 gold pieces
 15586 | D:9      | Reached XP level 13. HP: 106/106 MP: 18/18
 16344 | D:11     | Reached **** piety under Makhleb
 16497 | D:11     | Found a portal to a secret trove of treasure.
 16744 | D:11     | Gained mutation: You are clumsy. (Dex -2) [a neqoxec]
 17490 | Lair:1   | Entered Level 1 of the Lair of Beasts
 18409 | Lair:1   | Noticed a four-headed hydra
 18423 | Lair:1   | Killed a four-headed hydra
 19094 | Lair:2   | Reached ***** piety under Makhleb
 19101 | Lair:2   | Reached skill level 13 in Shields
 19739 | Lair:3   | Found a dark tunnel.
 19746 | Volcano  | Entered a volcano
 20061 | Lair:3   | Found a hole to the Spider Nest.
 20198 | Lair:3   | Reached XP level 14. HP: 115/115 MP: 20/20
 20248 | Lair:3   | Lost mutation: You are clumsy. (Dex -2) [potion of mutation]
 20248 | Lair:3   | Gained mutation: You are dopey. (Int -2) [potion of mutation]
 20248 | Lair:3   | Gained mutation: You occasionally shout uncontrollably at your foes. [potion of mutation]
 20248 | Lair:3   | Gained mutation: Scrolls take you a little longer to read. [potion of mutation]
 20248 | Lair:3   | Gained mutation: You evolve. [potion of mutation]
 20762 | Lair:3   | Gained mutation: You are agile. (Dex +2) [evolution]
 20762 | Lair:3   | Lost mutation: You evolve. [end of evolution]
 21013 | Lair:4   | Noticed Rupert
 21040 | Lair:4   | Killed Rupert
 21375 | Lair:4   | Found a staircase to the Shoals.
 21592 | Lair:4   | Noticed Nergalle
 21604 | Lair:4   | Killed Nergalle
 21630 | Lair:4   | Reached skill level 10 in Invocations
 22091 | Lair:5   | Found a runed door.
 22091 | Lair:5   | Found a viscous altar of Jiyva.
 22091 | Lair:5   | Found a staircase to the Slime Pits.
 22091 | Lair:5   | Noticed an acid blob
 22265 | Lair:5   | Noticed Sonja
 22268 | Lair:5   | Noticed Sonja
 22268 | Lair:5   | Sonja changed into Sonja the soldier ant
 22277 | Lair:5   | Killed Sonja the soldier ant
 22641 | Lair:6   | Entered Level 6 of the Lair of Beasts
 22737 | Lair:6   | Reached skill level 14 in Shields
 22910 | Lair:6   | Reached XP level 15. HP: 123/123 MP: 21/23
 23181 | Lair:6   | Reached ****** piety under Makhleb
 23199 | Lair:6   | Found a large runed door.
 23932 | Lair:6   | Found a large runed door.
 24208 | Orc:1    | Entered Level 1 of the Orcish Mines
 24505 | Orc:1    | Reached skill level 1 in Evocations
 24685 | Orc:1    | Noticed Gastronok
 24694 | Orc:1    | Killed Gastronok
 25093 | Orc:2    | Entered Level 2 of the Orcish Mines
 25093 | Orc:2    | Noticed Azrael
 25102 | Orc:2    | Killed Azrael
 25282 | Orc:2    | Found a staircase to the Elven Halls.
 25503 | Orc:2    | Noticed Josephine
 25514 | Orc:2    | Killed Josephine
 25720 | Orc:2    | Found Faull's Distillery.
 25749 | Orc:2    | Found Kayxtes's Magic Scroll Shoppe.
 25765 | Orc:2    | Bought a scroll of enchant weapon for 127 gold pieces
 25765 | Orc:2    | Bought a scroll of enchant weapon for 127 gold pieces
 25765 | Orc:2    | Bought a scroll of enchant armour for 127 gold pieces
 25810 | Orc:2    | Found a radiant altar of Vehumet.
 25812 | Orc:2    | Noticed Erolcha
 25821 | Orc:2    | Killed Erolcha
 25821 | Orc:2    | Reached XP level 16. HP: 132/132 MP: 24/24
 25835 | Orc:2    | Found an ancient bone altar of Kikubaaqudgha.
 25843 | Orc:2    | Reached skill level 15 in Shields
 25863 | Orc:2    | Found a roughly hewn altar of Beogh.
 25883 | Orc:2    | Found Piweog's Antique Armour Emporium.
 25892 | Orc:2    | Found Plog's Book Emporium.
 25952 | Orc:2    | Bought a potion of mutation for 96 gold pieces
 25952 | Orc:2    | Bought a potion of might for 48 gold pieces
 25952 | Orc:2    | Lost mutation: You are agile. (Dex +2) [potion of mutation]
 25952 | Orc:2    | Gained mutation: You are very dopey. (Int -4) [potion of mutation]
 25952 | Orc:2    | Gained mutation: You are partially covered in rugged brown scales. (AC +1, +3% HP) [potion of mutation]
 26033 | D:11     | Bought the amulet "Ighul" {Gourm rElec Int-5 Slay+6 SInv} for 943 gold pieces
 26094 | D:13     | Found Siriemiq's Armour Shop.
 26249 | D:13     | Found Bigruh's Hallowed Reliquary.
 26250 | D:13     | Found a glowing golden altar of the Shining One.
 26254 | D:13     | Bought a potion of curing for 42 gold pieces
 26254 | D:13     | Bought a potion of heal wounds for 70 gold pieces
 26254 | D:13     | Bought a potion of curing for 42 gold pieces
 26254 | D:13     | Bought a potion of heal wounds for 70 gold pieces
 26254 | D:13     | Bought a potion of curing for 42 gold pieces
 27708 | D:14     | Found Zyagg's Distillery.
 27812 | D:14     | Bought a potion of heal wounds for 70 gold pieces
 27812 | D:14     | Bought a potion of curing for 42 gold pieces
 27879 | D:14     | Found a gate to the Vaults.
 28051 | D:15     | Entered Level 15 of the Dungeon
 28134 | D:15     | Reached skill level 5 in Evocations
 28170 | D:15     | Found a staircase to the Depths.
 29025 | Spider:1 | Entered Level 1 of the Spider Nest
 29098 | Spider:1 | Reached XP level 17. HP: 144/144 MP: 26/26
 30443 | Spider:2 | Reached skill level 16 in Shields
 31069 | Spider:3 | Noticed Louise
 31193 | Spider:4 | Entered Level 4 of the Spider Nest
 31205 | Spider:4 | Reached skill level 15 in Fighting
 31294 | Spider:4 | Reached skill level 15 in Armour
 31655 | Spider:4 | Noticed Kirke
 31662 | Spider:4 | Killed Kirke
 31847 | Spider:4 | Reached XP level 18. HP: 153/153 MP: 28/28
 32512 | Spider:4 | Got a gossamer rune of Zot
 33202 | Spider:3 | Noticed Jorgrun
 33211 | Spider:3 | Killed Jorgrun
 33228 | Spider:3 | Cast into level 2 of the Abyss (Louise)
 33236 | Abyss:2  | Lost mutation: Scrolls take you a little longer to read. [potion of mutation]
 33236 | Abyss:2  | Lost mutation: You occasionally shout uncontrollably at your foes. [potion of mutation]
 33236 | Abyss:2  | Lost mutation: You are very dopey. (Int -4) [potion of mutation]
 33236 | Abyss:2  | Gained mutation: Your body sometimes deteriorates upon taking damage. [potion of mutation]
 33236 | Abyss:2  | Gained mutation: You expend magic power (3 MP) to strengthen your wands. [potion of mutation]
 33236 | Abyss:2  | Gained mutation: You are robust. (+10% HP) [potion of mutation]
 33375 | Abyss:2  | Gained mutation: Scrolls take you a little longer to read. [a shining eye]
 33637 | Abyss:2  | Reached skill level 17 in Shields
 33663 | Spider:3 | Escaped the Abyss
 33673 | Spider:3 | Killed Louise
 34298 | Spider:3 | Noticed Arachne
 34319 | Spider:3 | Killed Arachne
 34807 | Vaults:1 | Entered Level 1 of the Vaults
 34880 | Vaults:1 | Reached XP level 19. HP: 177/177 MP: 30/30
 34896 | Vaults:1 | Reached skill level 15 in Invocations
 35162 | Vaults:1 | Found a radiant altar of Vehumet.
 35198 | Vaults:1 | Got a pitted amethyst amulet
 35201 | Vaults:1 | Identified the amulet "Pydghufaa" {Harm *Drain rC+} (You found it on level 1 of the Vaults)
 35262 | Vaults:1 | Identified a scroll of acquirement
 35395 | Vaults:1 | Reached skill level 15 in Axes
 35951 | Vaults:2 | Noticed Xtahua
 35977 | Vaults:2 | Reached skill level 18 in Shields
 35980 | Vaults:2 | Killed Xtahua
 35980 | Vaults:2 | Reached XP level 20. HP: 115/187 MP: 31/31
 36178 | Vaults:2 | Found a staircase to the Crypt.
 37385 | Vaults:3 | HP: 6/189 [fire giant/bolt of fire (20)]
 37388 | Vaults:3 | Demolished by a fire giant

Skill      XL: |  1  2  3  4  5  6  7  8  9 10 11 12 13 14 15 16 17 18 19 20 |
---------------+-------------------------------------------------------------+-----
Shields        | 4 5 6 7 8 10 11 12 13 14 15 16 17 18 | 18.4
Fighting       | 4 5 7 9 10 11 12 13 14 15 16 17 | 17.1
Armour         | 4 5 7 9 10 11 12 13 14 15 16 17 | 17.1
Axes           | 3 4 5 6 8 9 10 11 12 13 14 15 | 15.7
Invocations    | 4 7 9 10 11 12 13 14 15 16 | 16.3
Evocations     | 3 5 6 |  6.0

Action                   |  1- 3 |  4- 6 |  7- 9 | 10-12 | 13-15 | 16-18 | 19-21 || total
-------------------------+-------+-------+-------+-------+-------+-------+-------++-------
Melee: War axe           |   127 |   179 |   275 |   939 |   410 |       |       ||  1930
       Battleaxe         |       |       |       |       |   841 |   973 |    84 ||  1898
       Rapier            |       |       |       |       |     8 |       |       ||     8
       Executioner's axe |       |       |       |       |       |       |   268 ||   268
 Abil: Dig               |       |       |     3 |    14 |     9 |     6 |       ||    32
       Shaft Self        |       |       |     1 |     2 |       |       |     2 ||     5
       Evoke Invisibilit |       |       |       |       |     1 |     1 |       ||     2
Evoke: Wand              |       |       |       |    38 |    19 |       |       ||    57
  Use: Scroll            |     1 |     1 |    12 |     8 |    24 |     8 |     4 ||    58
       Potion            |       |     1 |    12 |    10 |     6 |     7 |    14 ||    50
 Stab: Invisible         |       |       |     1 |       |     3 |       |       ||     4
       Paralysed         |       |       |       |    17 |     1 |       |       ||    18
  Eat: Chunk             |       |     6 |     8 |    36 |    23 |    37 |     9 ||   119
       Ration            |       |       |     1 |     2 |     4 |     1 |       ||     8
Armor: Scale mail        |    79 |       |       |       |       |       |       ||    79
       Chain mail        |    25 |    57 |       |       |       |       |       ||    82
       Plate armour      |       |    54 |   105 |   383 |   602 |   644 |   234 ||  2022
       Skin              |       |       |     4 |    26 |       |       |       ||    30
Dodge: Dodged            |    68 |    50 |    58 |   214 |   370 |   272 |   108 ||  1140
Block: Shield            |   117 |   100 |   158 |   594 |   907 |   203 |       ||  2079
       Large shield      |       |       |       |       |       |   945 |   547 ||  1492
